 Dungeon Crawl Stone Soup version 0.29.1-1-gd02db6906a (webtiles) character file.

Game seed: 13712167992301158154

17 mtoz the Digger (level 2, 0/15 HPs)
             Began as a Gargoyle Earth Elementalist on Oct 6, 2022.
             Slain by a jackal (1 damage)
             ... on level 1 of the Dungeon.
             The game lasted 00:02:45 (486 turns).

mtoz the Digger (Gargoyle Earth Elementalist)        Turns: 486, Time: 00:02:46

Health: 0/15       AC:  4    Str: 11    XL:     2   Next: 62%
Magic:  4/5        EV: 12    Int: 15    God:
Gold:   11         SH:  0    Dex: 10    Spells: 4/5 levels left

rFire   . . .      SeeInvis .   (no weapon)
rCold   . . .      Faith    .   (no shield)
rNeg    + . .      Spirit   .   a - +0 robe
rPois   ∞          Reflect  .   (no helmet)
rElec   +          Harm     .   (no cloak)
rCorr   .          Rampage  .   (no gloves)
Will    .....                   (no boots)
Stlth   ++........              (no amulet)
HPRegen 0.05/turn               (no ring)
MPRegen 0.09/turn               (no ring)

@: very slightly contaminated
A: sickness immunity, AC +2, negative energy resistance 1, electricity
resistance, torment resistance 1, petrification resistance
a: no special abilities


You were on level 1 of the Dungeon.
You visited 1 branch of the dungeon, and saw 1 of its levels.

You collected 11 gold pieces.

Inventory:

Armour
 a - a +0 robe (worn)
Scrolls
 c - a scroll of amnesia {unknown}
 d - 2 scrolls of fear {unknown}
 e - a scroll of noise {unknown}


   Skills:
 + Level 1.8 Dodging
 + Level 2.5 Stealth
 + Level 2.2 Spellcasting
 + Level 1.1 Transmutations
 + Level 3.8 Earth Magic


You had 4 spell levels left.
You knew the following spells:

 Your Spells              Type           Power      Damage    Failure   Level
a - Sandblast             Erth           26%        2d8       4%          1

Your spell library contained the following spells:

 Spells                   Type           Power      Damage    Failure   Level
 Passwall                 Tmut/Erth      7%         N/A       12%         2
 Magic Dart               Conj           4%         1d3       22%         1
 Stone Arrow              Conj/Erth      14%        3d7       30%         3
 Searing Ray              Conj           2%         2d4       32%         2
 Petrify                  Tmut/Erth      9%         N/A       61%         4
 Fulminant Prism          Conj/Hex       0%         3d6       91%         4


Dungeon Overview and Level Annotations

Branches:
Dungeon (1/15)

Altars:


Innate Abilities, Weirdness & Mutations

You are immune to sickness and miasma.
Your stone body is resilient. (AC +2)
You are immune to poison.
You resist negative energy. (rN+)
You are resistant to electric shocks. (rElec)
You are resistant to unholy torment.
You are immune to petrification.


Message History

The jackal closely misses you. The jackal completely misses you.
The jackal attacks as you move away!
The jackal bites you but does no damage.
Found a murky grey potion.
The jackal bites you but does no damage.
Aiming: Sandblast (safe; 4% risk of failure)
Press: ? - help, Q - select action Shift-Dir - straight line, f - jackal
Aim: a jackal (77% to hit)
The blast of sand hits the jackal.
The jackal is heavily wounded.
The jackal bites you but does no damage. x2
You see here a murky grey potion.
You don't have enough magic to cast this spell.
The jackal attacks as you move away! The jackal closely misses you.
The jackal bites you.
A kobold comes into view. It is wielding a +0 club.
The jackal misses you. The jackal attacks as you move away!
The jackal closely misses you. The jackal bites you.
* * * LOW HITPOINT WARNING * * *
You don't have enough magic to cast this spell.
Magic courses through your body.
The kobold shouts!
The jackal bites you.
* * * LOW HITPOINT WARNING * * *
Aiming: Sandblast (safe; 4% risk of failure)
Press: ? - help, Q - select action Shift-Dir - straight line, f/p - jackal
Aim: a jackal (77% to hit)
You miscast Sandblast.
You are very lightly contaminated with residual magic.
Nothing appears to happen.
The jackal completely misses you. The jackal closely misses you.
Aiming: Sandblast (safe; 4% risk of failure)
Press: ? - help, Q - select action Shift-Dir - straight line, f/p - jackal
Aim: a jackal (77% to hit)
The blast of sand hits the jackal.
The jackal is almost dead.
The jackal closely misses you. The jackal bites you.
You die...

# ...# #.# ###''###
#.##.# .... ...
#......# #.##.#
###### #.≈≈≈§.#
#.#### ..# #.≈§§≈.#
#.# ### #......#
#.# ..# ####''###
#.# ### #.##..#
##.# ####.# #..#''#
##..# .....#
#@##..###..##
####(# #.#
#h##...(..##
###)####K##.####..#
......KS...# ..~~.~
#........###
.~####...
#..#####.# #.~ ~..
#..# #!# #.. #.
###..#####.# #.~
#......S.#.# #..


You could see a jackal, a ball python and 2 kobolds.

Vanquished Creatures
  A dart slug (D:1)
  3 ball pythons (D:1)
  An endoplasm (D:1)
  A goblin (D:1)
  A hobgoblin (D:1)
  2 jackals (D:1)
  A quokka (D:1)
  A bat (D:1)
  2 kobolds (D:1)
  A rat (D:1)
14 creatures vanquished.

Notes
Turn   | Place    | Note
-------+----------+-------------------------------------------
     0 | D:1      | mtoz the Gargoyle Earth Elementalist began the quest for
                  | the Orb.
     0 | D:1      | Reached XP level 1. HP: 10/10 MP: 3/3
   214 | D:1      | Reached skill level 1 in Transmutations
   214 | D:1      | Reached XP level 2. HP: 15/15 MP: 0/5
   486 | D:1      | Slain by a jackal

Illustrated notes

Levels and vault maps discovered:
D:1:      lightli_arrival_lavapool, layout_loops_ring,
          dreamdust_ecumenical_altar_drowned_temple, serial_aquarium,
          aquarium_bridge_long_separate [aquarium_subvault_window,
          aquarium_subvault_bridge, aquarium_subvault_wall,
          aquarium_subvault_bridge, aquarium_subvault_wall,
          aquarium_subvault_bridge], aquarium_window_corridor_3,
          aquarium_window_fake, aquarium_window_1, aquarium_view_2a,
          aquarium_balcony_3a, aquarium_pool_1

Skill      XL: |  1 |
---------------+----+-----
Transmutations | 1 |  1.1
Dodging        | |  1.8
Stealth        | |  2.5
Spellcasting   | |  2.2
Earth Magic    | |  3.8

Action                   || total
-------------------------++-------
 Cast: Sandblast         ||    24
  Use: Potion            ||     1
Armor: Robe              ||     9
Dodge: Dodged            ||    24
